 Dungeon Crawl Stone Soup version 0.24-a0-769-g368c1644f8 (webtiles) character file.

Game seed: 17748351249664847922, levelgen mode: deterministic

13164 SirMumm the Destroyer (level 12, 0/68 HPs)
             Began as a Gargoyle Wizard on Oct 4, 2019.
             Was a High Priest of Okawaru.
             Slain by a snapping turtle (19 damage)
             ... on level 2 of the Lair of Beasts.
             The game lasted 00:30:12 (14597 turns).

SirMumm the Destroyer (Gargoyle Wizard)            Turns: 14597, Time: 00:30:12

Health: 0/68       AC: 15    Str: 16    XL:     12   Next: 3%
Magic:  12/26      EV: 12    Int: 22    God:    Okawaru [*****.]
Gold:   821        SH:  0    Dex:  8    Spells: 13/31 levels left

rFire    . . .     SeeInvis .   E - +4 quarterstaff (speed)
rCold    . . .     Gourm    .   (shield currently unavailable)
rNeg     + . .     Faith    .   a - +0 robe
rPois    ∞         Spirit   .   b - +1 hat
rElec    +         Reflect  .   N - scarf {cloud immunity}
rCorr    .         Harm     .   J - +0 pair of gloves
MR       +....                  K - +2 pair of boots
Stlth    +.........             (no amulet)
HPRegen  0.21/turn              u - +3 ring of strength
MPRegen  0.20/turn              L - ring of protection from magic

@: heavily drained
A: negative energy resistance 1, electricity resistance, unbreathing,
petrification resistance, rot immunity, AC +8
a: Heroism, Finesse, Renounce Religion


You were on level 2 of the Lair of Beasts.
You worshipped Okawaru.
Okawaru was extremely pleased with you.
You were hungry.

You visited 3 branches of the dungeon, and saw 15 of its levels.

You collected 963 gold pieces.
You spent 142 gold pieces at shops.

Inventory:

Hand Weapons
 i - a +0 spear
 E - a +4 quarterstaff of speed (weapon)
Armour
 a - a +0 robe (worn)
 b - a +1 hat (worn)
 I - a +0 pair of boots of flying
 J - a +0 pair of gloves (worn)
 K - a +2 pair of boots (worn)
 N - a scarf of cloud immunity (worn)
Jewellery
 u - a +3 ring of strength (left hand)
 L - a ring of protection from magic (right hand)
Wands
 r - a wand of iceblast (19)
 y - a wand of polymorph (11)
 A - a wand of enslavement (7)
 M - a wand of disintegration (14)
Scrolls
 c - 4 scrolls of enchant armour
 d - 2 scrolls of immolation {unknown}
 g - a scroll of fear {unknown}
 l - 7 scrolls of teleportation
 n - 3 scrolls of fog
 t - a scroll of remove curse
 v - 2 scrolls of enchant weapon
 w - a scroll of acquirement {unknown}
 x - 8 scrolls of identify
 F - a scroll of blinking
 G - a scroll of amnesia
Potions
 e - 3 potions of agility {unknown}
 f - a potion of ambrosia {unknown}
 h - 4 potions of brilliance
 j - 6 potions of lignification
 k - 4 potions of might
 m - 2 potions of haste {unknown}
 p - 11 potions of curing {unknown}
 q - 6 potions of degeneration {unknown}
 s - 2 potions of invisibility {unknown}
 z - 2 potions of heal wounds {unknown}
 B - a potion of berserk rage {unknown}
 D - a potion of mutation {unknown}
 H - a potion of magic {unknown}
Comestibles
 o - 36 rations
 C - 2 chunks of flesh


   Skills:
 + Level 5.5(4.2) Fighting
 + Level 4.2(3.0) Dodging
 - Level 2.1(1.0) Stealth
 + Level 10.1(8.7) Spellcasting
 + Level 10.8(9.4) Conjurations
   Level 0.8(0.0) Summonings
 - Level 0.8(0.0) Translocations
 * Level 9.9(8.5) Fire Magic
 - Level 1.7(0.6) Air Magic


You had 13 spell levels left.
You knew the following spells:

 Your Spells              Type           Power        Failure   Level  Hunger
a - Magic Dart            Conj           ####         1%          1    None
b - Blink                 Tloc           N/A          11%         2    None
c - Conjure Flame         Conj/Fire      #####...     1%          3    None
d - Mephitic Cloud        Conj/Pois/Air  ###.....     5%          3    None
e - Sticky Flame          Conj/Fire      #####...     1%          4    ##.....
f - Fireball              Conj/Fire      #####.....   4%          5    #####..

Your spell library contained the following spells:

 Spells                   Type           Power        Failure   Level  Hunger
 Flame Tongue             Conj/Fire      #####        1%          1    None
 Throw Flame              Conj/Fire      #####.       1%          2    None
 Inner Flame              Hex/Fire       ####....     3%          3    None
 Summon Small Mammal      Summ           #...         7%          1    None
 Call Imp                 Summ           #.......     11%         2    None
 Slow                     Hex            #.......     11%         2    None
 Call Canine Familiar     Summ           #.......     21%         3    None
 Summon Guardian Golem    Hex/Summ       #.......     21%         3    None
 Summon Lightning Spire   Summ/Air       ##......     52%         4    ##.....
 Summon Ice Beast         Ice/Summ       #.......     56%         4    ##.....


Dungeon Overview and Level Annotations

Branches:
Dungeon (12/15)            Temple (1/1) D:6            Lair (2/6) D:11
 Shoals (0/4) Lair:2
  Snake: Lair:2-4    Spider: Lair:2-4       Orc: D:9-12

Altars:
Ashenzari
Cheibriados
Dithmenos
Elyvilon
Fedhas
Gozag
Hepliaklqana
Kikubaaqudgha
Makhleb
Nemelex Xobeh
Okawaru
Qazlal
Ru
Sif Muna
Trog
Uskayaw
Vehumet
Wu Jian
Xom
Yredelemnul
Zin
The Shining One
Beogh

Shops:
D:8 ?

Annotations:
D:9 4 runed translucent doors
Lair:1 exclusion: 4 oklob plants


Innate Abilities, Weirdness & Mutations

You are resistant to torment.
Your stone body is resilient. (AC +8)
You are immune to poison.
You resist negative energy. (rN+)
You are resistant to electric shocks. (rElec)
You can survive without breathing.
You are immune to petrification.
You are immune to rotting.


Message History

Aim: a snapping turtle (heavily wounded, covered in liquid flames)
The fireball explodes!
The fireball engulfs the snapping turtle.
The snapping turtle is heavily wounded.
You hear a shout!
The snapping turtle burns!
The snapping turtle stops burning.
The snapping turtle bites you but does no damage.
The snapping turtle bites you!
* * * LOW HITPOINT WARNING * * *
Casting: Fireball (safe; 4% risk of failure)
Confirm with . or Enter, or press ? or * to list all spells.
Aiming: Sticky Flame (safe; 1% risk of failure)
Press: ? - help, Shift-Dir - straight line, f/p - snapping turtle
Aim: a snapping turtle (heavily wounded)
The sticky flame hits the snapping turtle but does no damage.
The snapping turtle is heavily wounded.
The snapping turtle is covered in liquid flames!
You are feeling hungry.
The snapping turtle burns!
The snapping turtle bites you!!
You die...

#........#
###........## ###
#P........#.# #.#
##........#### ..#
##.........# ..###
#..........# ....#
##.......###
....#####
##....†...#
.##..P#.#
#..÷@...#P#
.##....###
##..t...####
##≈≈≈≈≈≈≈###......##
≈≈≈≈≈≈≈≈≈≈≈#†..#..#
≈≈≈#####≈≈≈...###.#
≈≈##...##≈≈...# ###
≈≈#.....#≈≈...#
≈≈#..>..'.....# ≈
#.....#≈≈..##


You could see a snapping turtle (burning).

Vanquished Creatures
  A two-headed ogre (D:11)
  Pikel (D:4)
  2 oklob plants (D:11)
  An ugly thing (D:9)
  A cyclops (D:11)
  Joseph (D:8)
  2 centaur zombies (D:10)
  A gargoyle (D:11)
  A wraith (D:11)
  13 yaks
  Eustachio (D:4)
  2 basilisks (Lair:2)
  2 hungry ghosts
  Menkaure (D:7)
  2 water moccasins (Lair:1)
  A porcupine (Lair:1)
  5 orc warriors
  5 ice beasts
  A slave (D:4)
  3 phantoms
  2 sky beasts
  A necrophage (D:8)
  6 ogres
  9 wolves
  6 centaurs
  2 crocodiles (Lair:1)
  7 bullfrogs
  6 scorpions
  8 killer bees
  An electric eel (D:10)
  3 crimson imps
  3 bullfrog zombies
  A quasit (D:5)
  4 orc priests
  2 hounds
  A bullfrog skeleton (D:4)
  4 centaur skeletons
  3 jellies (D:10)
  7 orc wizards
  A gnoll shaman (D:5)
  3 iguanas
  Natasha (twice) (D:4)
  6 worker ants
  A killer bee zombie (D:10)
  2 worker ant zombies
  2 howler monkey skeletons
  12 gnolls
  12 adders
  A shadow imp (D:12)
  5 oozes (D:10)
  3 adder zombies
  3 worms
  4 dart slugs (D:2)
  5 leopard geckos
  60 orcs
  A bat zombie (D:9)
  3 giant cockroaches
  5 goblins (D:1)
  6 hobgoblins
  18 jackals
  10 kobolds
  2 quokkas
  11 bats
  4 frilled lizards
  A quokka skeleton (D:5)
  5 rats
  2 rat zombies (D:9)
  2 plants (D:11)
315 creatures vanquished.

Vanquished Creatures (others)
  Natasha (D:4)
  4 orcs (D:4)
  4 plants
9 creatures vanquished.

Grand Total: 324 creatures vanquished

Notes
Turn   | Place    | Note
-------+----------+-------------------------------------------
     0 | D:1      | SirMumm the Gargoyle Wizard began the quest for the Orb.
     0 | D:1      | Reached XP level 1. HP: 10/10 MP: 4/4
   188 | D:1      | Reached XP level 2. HP: 14/15 MP: 3/6
   673 | D:1      | Reached XP level 3. HP: 18/19 MP: 2/8
   911 | D:1      | Learned a level 2 spell: Blink
   915 | D:1      | Learned a level 3 spell: Conjure Flame
   919 | D:1      | Learned a level 3 spell: Mephitic Cloud
  1258 | D:2      | Reached XP level 4. HP: 24/24 MP: 7/10
  1724 | D:2      | Found a faded altar of an unknown god.
  2124 | D:3      | Reached XP level 5. HP: 28/28 MP: 3/11
  2817 | D:4      | Reached XP level 6. HP: 32/32 MP: 6/13
  2925 | D:4      | Reached skill level 5 in Spellcasting
  2925 | D:4      | Reached skill level 5 in Conjurations
  3048 | D:4      | Noticed a slave
  3049 | D:4      | Noticed a slave
  3050 | D:4      | Noticed Pikel
  3050 | D:4      | Noticed a slave
  3050 | D:4      | Noticed a slave
  3082 | D:4      | Killed Pikel
  3082 | D:4      | Reached skill level 1 in Fire Magic
  3082 | D:4      | Reached skill level 1 in Air Magic
  3082 | D:4      | Reached XP level 7. HP: 17/37 MP: 4/16
  3175 | D:4      | Learned a level 4 spell: Sticky Flame
  3265 | D:4      | Noticed Natasha
  3286 | D:4      | Killed Natasha
  3286 | D:4      | Reached XP level 8. HP: 25/42 MP: 5/17
  3413 | D:4      | Noticed Eustachio
  3435 | D:4      | Killed Eustachio
  3467 | D:4      | Found a shadowy altar of Dithmenos.
  3489 | D:4      | Killed Natasha
  3509 | D:4      | Noticed Natasha
  3523 | D:4      | Killed Natasha
  3523 | D:4      | Reached skill level 1 in Fighting
  3852 | D:5      | Entered Level 5 of the Dungeon
  4811 | D:5      | Reached skill level 5 in Fire Magic
  5242 | D:6      | Reached XP level 9. HP: 32/47 MP: 9/18
  5393 | D:6      | Learned a level 5 spell: Fireball
  5608 | D:6      | Identified the +2 leather armour of Contentment {rC++ rN+
                  | Slay-4}
  5857 | D:6      | Found a staircase to the Ecumenical Temple.
  5889 | Temple   | Entered the Ecumenical Temple
  6188 | Temple   | Became a worshipper of Warmaster Okawaru
  6357 | D:7      | Noticed Menkaure
  6365 | D:7      | Killed Menkaure
  6752 | D:7      | Found a sparkling altar of Nemelex Xobeh.
  6946 | D:7      | Found a shimmering blue altar of Sif Muna.
  7453 | D:8      | Noticed Joseph
  7468 | D:8      | Killed Joseph
  7468 | D:8      | Reached * piety under Okawaru
  7647 | D:8      | Found Mugosm's Magic Scroll Emporium.
  7665 | D:8      | Reached XP level 10. HP: 53/53 MP: 16/21
  7708 | D:8      | Bought a scroll of blinking for 97 gold pieces
  7708 | D:8      | Bought a scroll of amnesia for 45 gold pieces
  7723 | D:8      | Found a snail-covered altar of Cheibriados.
  8270 | D:9      | Reached ** piety under Okawaru
  8397 | D:9      | Found a huge runed translucent gate.
  8397 | D:9      | Found a huge runed translucent gate.
  8397 | D:9      | Found a huge runed translucent gate.
  8398 | D:9      | Found a huge runed translucent gate.
  8398 | D:9      | Noticed a manticore
  8641 | D:9      | Noticed a brown ugly thing
  8654 | D:9      | Killed a brown ugly thing
  9085 | D:9      | Found an ornate altar of the Wu Jian Council.
  9258 | D:9      | Found an ancient bone altar of Kikubaaqudgha.
  9310 | D:10     | Entered Level 10 of the Dungeon
  9327 | D:10     | Reached *** piety under Okawaru
 10307 | D:10     | Reached **** piety under Okawaru
 10307 | D:10     | Reached XP level 11. HP: 55/61 MP: 19/24
 10764 | D:10     | Found a roughly hewn altar of Beogh.
 11274 | D:11     | Reached skill level 10 in Conjurations
 11555 | D:11     | Noticed a two-headed ogre
 11565 | D:11     | Killed a two-headed ogre
 11565 | D:11     | Reached ***** piety under Okawaru
 11733 | D:11     | Noticed an oklob plant
 11919 | D:11     | Noticed an oklob plant
 12097 | D:11     | Killed an oklob plant
 12097 | D:11     | Received a gift from Okawaru
 12097 | D:11     | Reached skill level 5 in Fighting
 12120 | D:11     | Found a staircase to the Lair.
 12455 | D:12     | Noticed a two-headed ogre
 12457 | D:12     | Noticed a cyclops
 12956 | D:11     | Killed a cyclops
 13147 | D:11     | Killed an oklob plant
 13413 | Lair:1   | Entered Level 1 of the Lair of Beasts
 13714 | Lair:1   | Reached skill level 10 in Spellcasting
 13951 | Lair:1   | Noticed an oklob plant
 13951 | Lair:1   | Noticed an oklob plant
 13951 | Lair:1   | Noticed an oklob plant
 13951 | Lair:1   | Noticed an oklob plant
 14409 | Lair:2   | Reached XP level 12. HP: 68/68 MP: 13/26
 14576 | Lair:2   | Found a staircase to the Shoals.
 14597 | Lair:2   | Slain by a snapping turtle

Levels and vault maps discovered:
D:1:      dpeg_arrival_ternary, layout_basic
D:2:      layout_basic, chequers_ecumenical_altar_simple_redux
D:3:      layout_basic, first_ration
D:4:      layout_rooms, grunt_dithmenos_smoke, uniq_eustachio, uniq_natasha,
          uniq_pikel
D:5:      layout_loops_ring, minmay_diced_spiral
D:6:      layout_rooms, minmay_temple_entry_gardened_gates
D:7:      layout_basic, lemuel_crystal_altar, lemuel_crystal_altar,
          moated_statue, uniq_menkaure
D:8:      layout_basic, nicolae_overflow_crystal_walls, serial_shops,
          nicolae_shop_statue_plus, uniq_joseph
D:9:      lemuel_bear_cage, layout_loops_ring,
          lemuel_zombie_altar_kikubaaqudgha, lemuel_coloured_pillars_altar
D:10:     layout_long_grid, special_room [special_room_orc],
          hangedman_little_slice_of_home, kennysheep_generic_room_2
D:11:     layout_rooms, dpeg_oklobed_lair
D:12:     regret_index_wax_grids, layout_cave_pools, david_orc_5
Temple:   minmay_temple_bridge_d
Lair:1:   layout_hall_layers, minivault_26, minmay_lair_oklob_chamber
Lair:2:   layout_hall_layers, minmay_shoals_entry_hut,
          guppyfry_snake_entry_island, basic_altar, minmay_lindwurm_lava,
          serial_bayou_shore_a, infiniplex_staircase_pool_2

Skill      XL: |  1  2  3  4  5  6  7  8  9 10 11 |
---------------+----------------------------------+-----
Conjurations   | 2 3 4 6 8 9 10 | 10.8
Spellcasting   | 4 6 7 9 10 | 10.1
Fire Magic     | 1 5 7 8 9 |  9.9
Air Magic      | 1 |  1.7
Fighting       | 1 2 4 5 |  5.5
Dodging        | 2 3 4 |  4.2
Stealth        | |  2.1
Summonings     | |  0.8
Translocations | |  0.8

Action                   |  1- 3 |  4- 6 |  7- 9 | 10-12 || total
-------------------------+-------+-------+-------+-------++-------
Melee: Unarmed           |    29 |       |       |       ||    29
       Dagger            |    31 |   114 |   126 |       ||   271
       Quarterstaff      |       |       |     2 |   311 ||   313
 Cast: Magic Dart        |    60 |    90 |   219 |   134 ||   503
       Mephitic Cloud    |       |     6 |     8 |     3 ||    17
       Conjure Flame     |       |     4 |     7 |    17 ||    28
       Sticky Flame      |       |       |    21 |    60 ||    81
       Fireball          |       |       |     2 |    33 ||    35
       Blink             |       |       |       |     3 ||     3
  Use: Scroll            |       |     6 |     3 |     1 ||    10
 Stab: Sleeping          |     1 |       |       |       ||     1
       Confused          |       |     1 |     3 |       ||     4
  Eat: Chunk             |     1 |     6 |    10 |    22 ||    39
       Ration            |       |       |     2 |     3 ||     5
Armor: Robe              |    23 |    22 |    46 |   128 ||   219
Dodge: Dodged            |    45 |    51 |    88 |   216 ||   400

Table legend:
 A = Non-vault XP
 B = Vault XP
 C = Vault XP percentage of total XP
 D = Non-vault monster count
 E = Vault monster count
 F = Vault count percentage of total count
                 A         B        C        D         E       F
            +---------+---------+-------+---------+---------+-------
      Total |   15299 |    3507 |  18.6 |     262 |      50 |  16.0
            +---------+---------+-------+---------+---------+-------
        D:1 |      38 |       0 |   0.0 |      23 |       0 |   0.0
        D:2 |     107 |       0 |   0.0 |      38 |       0 |   0.0
        D:3 |     150 |       0 |   0.0 |      14 |       0 |   0.0
        D:4 |     343 |     850 |  71.2 |      16 |       3 |  15.8
        D:5 |     680 |      88 |  11.5 |      30 |       3 |   9.1
        D:6 |     503 |       0 |   0.0 |      14 |       0 |   0.0
        D:7 |     660 |     172 |  20.7 |       8 |       1 |  11.1
        D:8 |     959 |     471 |  32.9 |      21 |       1 |   4.5
        D:9 |    2045 |       4 |   0.2 |      26 |       3 |  10.3
       D:10 |    3131 |     640 |  17.0 |      27 |      35 |  56.5
       D:11 |    3344 |    1092 |  24.6 |      20 |       2 |   9.1
       D:12 |     240 |       0 |   0.0 |       4 |       0 |   0.0
     Lair:1 |    2279 |     190 |   7.7 |      15 |       2 |  11.8
     Lair:2 |     820 |       0 |   0.0 |       6 |       0 |   0.0
            +---------+---------+-------+---------+---------+-------
